 Dungeon Sprint DCSS version 0.26-a0-663-g36e8fdb655 (webtiles) character file.

Game seed: 477755308109980716

6421 sahdkjhfkaj the Peltast (level 10, -3/72 HPs)
             Began as a Gargoyle Fighter on Oct 12, 2020.
             Was the Champion of the Shining One.
             Slain by a catoblepas (24 damage)
             ... in the Dungeon (Sprint IX: "|||||||||||||||||||||||||||||").
             The game lasted 00:02:52 (1342 turns).

sahdkjhfkaj the Peltast (Gargoyle Fighter)          Turns: 1342, Time: 00:02:52

Health: -3/72      AC: 19    Str: 25    XL:     10   Next: 98%
Magic:  16/17      EV: 10    Int: 10    God:    the Shining One [******]
Gold:   10         SH: 14    Dex: 12    Spells: 9/9 levels left

rFire    . . .     SeeInvis .   a - +0 flail
rCold    . . .     Faith    .   c - +0 kite shield
rNeg     + + +     Spirit   .   o - +1 scale mail
rPois    ∞         Reflect  .   n - +0 helmet
rElec    +         Harm     .   (no cloak)
rCorr    .         Rampage  .   (no gloves)
MR       .....     NoTele   +   (no boots)
Stlth    ..........             (no amulet)
HPRegen  0.22/turn              p - +3 ring of dexterity
MPRegen  0.15/turn              b - +3 ring of strength

@: glowing
A: negative energy resistance 1, electricity resistance, unbreathing,
petrification resistance, rot immunity, AC +7
a: Divine Shield, Cleansing Flame, Summon Divine Warrior, Brand Weapon With Holy
Wrath, Renounce Religion


You were in the Dungeon.
You worshipped the Shining One.
The Shining One was exalted by your worship.
You visited 1 branch You collected 10 gold pieces.

Inventory:

Hand Weapons
 a - a +0 flail (weapon)
Armour
 c - a +0 kite shield (worn)
 n - a +0 helmet (worn)
 o - a +1 scale mail (worn)
Jewellery
 b - a +3 ring of strength (right hand)
 p - a +3 ring of dexterity (left hand)
Wands
 l - a wand of acid (2)
Scrolls
 i - 3 scrolls of remove curse
 j - 2 scrolls of blinking
 k - 2 scrolls of amnesia
 t - 4 scrolls of enchant weapon
 u - a scroll of fear
 v - a scroll of identify
Potions
 d - a potion of might
 e - 5 potions of curing
 f - 2 potions of heal wounds
 g - a potion of haste
 h - 4 potions of magic
 q - 2 potions of berserk rage
 r - a potion of mutation
 s - a potion of brilliance


   Skills:
 + Level 12.6 Fighting
 - Level 12.0 Maces & Flails
 + Level 12.6 Armour
 - Level 15.0 Shields
 + Level 9.8 Invocations


You had 9 spell levels left.
You didn't know any spells.
Your spell library was empty.

Dungeon Overview and Level Annotations

Branches:
Dungeon (1/1)

Altars:
Cheibriados
Dithmenos
Elyvilon
Fedhas
Gozag
Hepliaklqana
Kikubaaqudgha
Makhleb
Nemelex Xobeh
Okawaru
Qazlal
Ru
Sif Muna
Trog
Uskayaw
Vehumet
Wu Jian
Xom
Yredelemnul
Zin
The Shining One
Beogh
Jiyva
Lugonu


Innate Abilities, Weirdness & Mutations

You are resistant to torment.
Your stone body is resilient. (AC +7)
You are immune to poison.
You resist negative energy. (rN+)
You are resistant to electric shocks. (rElec)
You can survive without breathing.
You are immune to petrification.
You are immune to rotting.


Message History

The catoblepas is almost dead.
The catoblepas rams the ground with its head heavily.
The catoblepas gores you!!
* * * LOW HITPOINT WARNING * * *
Unknown command.
You sock the catoblepas!
You kill the catoblepas!
Unknown command.
You sock the catoblepas!
The catoblepas is lightly wounded.
The yak stops moving altogether!
You block the catoblepas's attack.
Unknown command.
You hit the catoblepas.
The catoblepas is lightly wounded.
Unknown command.
Unknown command.
Unknown command.
Unknown command.
The catoblepas gores you!!
You die...

▓÷▓.▓_▓
▓'▓.▓_▓
▓.▓.▓_▓
▓.▓.▓_▓
▓.▓.▓_▓
▓.▓.▓_▓
▓.▓.▓_▓
▓.▓.▓_▓
▓@▓.▓_▓
▓Y▓.▓_▓
▓.▓.▓_▓
▓'▓.▓'▓
▓†▓.▓!▓
▓.▓.▓.▓
▓Y▓.▓)▓
▓Y▓.▓.▓
▓Y▓.▓[▓


You could see a death yak, a catoblepas and a yak (petrified).

Vanquished Creatures
  2 hydras (D)
  2 catoblepae (D)
  A black mamba (D)
  An elephant (D)
  A cane toad (D)
  5 komodo dragons (D)
  A shadow (D)
  A wraith (D)
  3 water moccasins (D)
  An ice beast (D)
  An eye of draining (D)
  A sky beast (D)
  A phantom (D)
  A necrophage (D)
  A centaur (D)
  2 bullfrogs (D)
  A hound (D)
  An iguana (D)
  A gnoll (D)
  An adder skeleton (D)
  An orc (D)
  A bat skeleton (D)
  A kobold (D)
  2 bats (D)
  2 frilled lizards (D)
  2 rats (D)
38 creatures vanquished.

Vanquished Creatures (collateral kills)
  2 komodo dragons (D)
  A yak (D)
  A water moccasin (D)
4 creatures vanquished.

Grand Total: 42 creatures vanquished

Notes
Turn   | Place    | Note
-------+----------+-------------------------------------------
     0 | D        | sahdkjhfkaj the Gargoyle Fighter began the quest for the
                  | Orb.
     0 | D        | Reached XP level 1. HP: 14/14 MP: 1/1
    25 | D        | Noticed a sky beast
    27 | D        | Reached skill level 4 in Shields
    27 | D        | Reached XP level 2. HP: 20/20 MP: 2/2
    40 | D        | Killed a sky beast
    40 | D        | Reached skill level 5 in Fighting
    40 | D        | Reached skill level 5 in Maces & Flails
    40 | D        | Reached skill level 5 in Armour
    40 | D        | Reached skill level 6 in Shields
    40 | D        | Reached XP level 3. HP: 26/26 MP: 3/3
    40 | D        | Reached XP level 4. HP: 31/31 MP: 4/4
   123 | D        | Found a roughly hewn altar of Beogh.
   123 | D        | Found a snail-covered altar of Cheibriados.
   123 | D        | Found a shadowy altar of Dithmenos.
   123 | D        | Found a white marble altar of Elyvilon.
   123 | D        | Found a blossoming altar of Fedhas.
   123 | D        | Found an opulent altar of Gozag.
   124 | D        | Found a hazy altar of Hepliaklqana.
   125 | D        | Found a viscous altar of Jiyva.
   126 | D        | Found an ancient bone altar of Kikubaaqudgha.
   127 | D        | Found a corrupted altar of Lugonu.
   128 | D        | Found a burning altar of Makhleb.
   129 | D        | Found a sparkling altar of Nemelex Xobeh.
   130 | D        | Found an iron altar of Okawaru.
   131 | D        | Found a stormy altar of Qazlal.
   132 | D        | Found a sacrificial altar of Ru.
   133 | D        | Found a shimmering blue altar of Sif Muna.
   134 | D        | Found a bloodstained altar of Trog.
   135 | D        | Found a hide-covered altar of Uskayaw.
   136 | D        | Found a radiant altar of Vehumet.
   137 | D        | Found an ornate altar of the Wu Jian Council.
   138 | D        | Found a shimmering altar of Xom.
   139 | D        | Found a basalt altar of Yredelemnul.
   140 | D        | Found a glowing silver altar of Zin.
   141 | D        | Found a glowing golden altar of the Shining One.
   149 | D        | Became a worshipper of the Shining One
   216 | D        | Noticed an ice beast
   216 | D        | Noticed a wraith
   216 | D        | Reached * piety under the Shining One
   216 | D        | Noticed a necrophage
   224 | D        | Killed an ice beast
   224 | D        | Reached skill level 8 in Shields
   224 | D        | Reached XP level 5. HP: 19/36 MP: 5/5
   229 | D        | Killed a wraith
   229 | D        | Reached ** piety under the Shining One
   229 | D        | Reached skill level 9 in Shields
   229 | D        | Reached XP level 6. HP: 17/42 MP: 6/6
   237 | D        | Killed a necrophage
   237 | D        | Reached XP level 7. HP: 16/48 MP: 7/7
   241 | D        | Reached skill level 10 in Shields
   440 | D        | Reached *** piety under the Shining One
   440 | D        | Noticed a shadow
   452 | D        | Reached **** piety under the Shining One
   463 | D        | Killed a shadow
   463 | D        | Reached skill level 10 in Maces & Flails
   463 | D        | Reached skill level 11 in Shields
   463 | D        | Reached XP level 8. HP: 54/54 MP: 0/8
   620 | D        | Noticed a five-headed hydra
   620 | D        | Reached ***** piety under the Shining One
   620 | D        | Noticed a black mamba
   620 | D        | Noticed a komodo dragon
   622 | D        | Noticed a cane toad
   628 | D        | Killed a five-headed hydra
   628 | D        | Reached skill level 12 in Shields
   634 | D        | Killed a black mamba
   634 | D        | Reached XP level 9. HP: 58/61 MP: 8/12
   634 | D        | Noticed a komodo dragon
   641 | D        | Reached skill level 13 in Shields
   653 | D        | Killed a komodo dragon
   653 | D        | Reached skill level 10 in Armour
   653 | D        | Reached skill level 5 in Invocations
   655 | D        | HP: 2/62 [cane toad (18)]
   656 | D        | Killed a cane toad
   656 | D        | Reached skill level 10 in Fighting
   664 | D        | Killed a komodo dragon
   664 | D        | Reached skill level 14 in Shields
   909 | D        | Noticed an elephant
   909 | D        | Noticed a komodo dragon
   909 | D        | Noticed a komodo dragon
   909 | D        | Noticed a four-headed hydra
   916 | D        | Noticed a komodo dragon
   921 | D        | Killed an elephant
   921 | D        | Reached XP level 10. HP: 49/68 MP: 3/14
   967 | D        | Reached skill level 15 in Shields
   968 | D        | Killed a five-headed hydra
  1309 | D        | Noticed a catoblepas
  1309 | D        | Reached ****** piety under the Shining One
  1309 | D        | Noticed a catoblepas
  1309 | D        | Noticed a catoblepas
  1309 | D        | Noticed a death yak
  1310 | D        | Noticed a death yak
  1319 | D        | Killed a catoblepas
  1337 | D        | Killed a catoblepas
  1342 | D        | Slain by a catoblepas

Illustrated notes

Levels and vault maps discovered:
D:        linesprint [early_d, line_temple, items_1, d_10, items_2, lair_1,
          lair_end, items_3, orc_1, orc_end, items_4, d_15, swamp_1, shoals_1,
          snake_1, spider_1, d_20, vaults_1, items_5, swamp_end, shoals_end,
          snake_end, spider_end, vaults_end, d_27, items_6, zot_1, zot_end,
          crypt_end, forest_end, elf_end, slime_end, tomb_end, abyss_end,
          pan_hell_end]

Skill      XL: |  1  2  3  4  5  6  7  8  9 10 |
---------------+-------------------------------+-----
Maces & Flails | 3 5 6 8 10 11 12 | 12.0
Shields        | 4 6 8 9 11 12 14 15 | 15.0
Fighting       | 5 6 7 8 9 10 12 | 12.6
Armour         | 5 6 7 8 9 10 12 | 12.6
Invocations    | 4 6 9 |  9.8

Action                   |  1- 3 |  4- 6 |  7- 9 | 10-12 || total
-------------------------+-------+-------+-------+-------++-------
Melee: Flail             |    26 |     2 |       |    28 ||    56
       Dire flail        |       |    20 |    74 |       ||    94
Invok: Divine Shield     |       |       |     1 |       ||     1
       Summon Divine War |       |       |     1 |       ||     1
Evoke: Wand              |       |       |     3 |     5 ||     8
  Use: Potion            |     1 |       |     4 |     1 ||     6
       Scroll            |       |       |     1 |       ||     1
Armor: Scale mail        |    10 |    11 |    33 |    13 ||    67
Dodge: Dodged            |     8 |     5 |    23 |    11 ||    47
Block: Kite shield       |    11 |       |       |     7 ||    18
       Other             |       |       |     6 |     2 ||     8

Table legend: (Time is in decaauts)
 A = Elapsed time spent in this place.
 B = Non-inter-level travel time spent in this place.
 C = Inter-level travel time spent in this place.
 D = Time resting spent in this place.
 E = Time spent auto-exploring this place.
 F = Levels seen in this place.
 G = Mean time per level.
                   A        B        C        D        E       F      G
               +--------+--------+--------+--------+--------+-----+--------+
         Total |   1336 |   1336 |      0 |    515 |    402 |   1 | 1336.0 |
       Dungeon |   1336 |   1336 |      0 |    515 |    402 |   1 | 1336.0 |
               +--------+--------+--------+--------+--------+-----+--------+

Top non-repeatable levels by time:
       D: 1336 daAuts
